 Dungeon Crawl Stone Soup version 0.22-a0-362-g535178c (webtiles) character file.

25 4thArraOfDagon the Grave Robber (level 2, -3/11 HPs)
             Began as a Felid Necromancer on Apr 19, 2018.
             Slain by an adder (4 damage)
             ... on level 3 of the Dungeon.
             The game lasted 00:02:18 (1021 turns).

4thArraOfDagon the Grave Robber (Felid Necromancer) Turns: 1021, Time: 00:02:19

Health: -3/11      AC:  1    Str:  4    XL:     2   Next: 82%
Magic:  0/6        EV: 18    Int: 16    God:
Gold:   42         SH:  0    Dex: 16    Spells: 4/5 levels left
                                        Lives:  0   Deaths: 0

rFire    . . .     SeeInvis +   (weapon unavailable)
rCold    . . .     Gourm    .   (shield unavailable)
rNeg     . . .     Faith    .   (armour unavailable)
rPois    +         Spirit   .   (helmet unavailable)
rElec    .         Reflect  .   (cloak unavailable)
rCorr    .         Harm     .   (gloves unavailable)
MR       .....                  (boots unavailable)
Stlth    +++.......             (no amulet)
HPRegen  0.03/turn              a - ring of poison resistance
MPRegen  0.10/turn              (no ring)

@: very slightly contaminated, quick
A: very small, no armour, no weapons or thrown items, stealth, claws 1, fangs 3,
see invisible, carnivore, speed 1, shaggy fur 1, slow metabolism 1, sharp paws
a: no special abilities


You were on level 3 of the Dungeon.
You were very full.

You visited 1 branch of the dungeon, and saw 3 of its levels.

You collected 42 gold pieces.

Inventory:

Jewellery
 a - a ring of poison resistance (left paw)
Scrolls
 c - 3 scrolls of identify {unknown}
Comestibles
 b - a ration


   Skills:
 - Level 2.6 Dodging
 - Level 2.6 Stealth
 + Level 2.4 Spellcasting
 * Level 4.6 Necromancy


You had 4 spell levels left.
You knew the following spells:

 Your Spells              Type           Power        Failure   Level  Hunger
a - Pain                  Necr           ###.         3%          1    #......


Dungeon Overview and Level Annotations

Branches:
Dungeon (3/15)

Altars:


Innate Abilities, Weirdness & Mutations

You cannot wear armour.
You are incapable of wielding weapons or throwing items.
Your paws allow you to move quietly. (Stealth)
You have sharp claws.
You have razor-sharp teeth.
You have supernaturally acute eyesight. (SInv)
You are carnivorous and can eat meat at any time.
You cover ground quickly.
You are covered in fur. (AC +1)
You have a slow metabolism.
Your sharp claws are effective at attacking unaware monsters.


Message History

The adder is severely wounded.
The adder closely misses you. x2
Unknown command.
You miss the adder.
The adder is severely wounded.
The adder bites you but does no damage.
Unknown command.
You miss the adder.
The adder is severely wounded.
The adder misses you.
Unknown command.
You closely miss the adder.
The adder is severely wounded.
The adder bites you.
* * * LOW HITPOINT WARNING * * *
Unknown command.
You scratch the adder.
The adder is almost dead.
The adder misses you. The adder bites you.
You die...

## #.# #. #.# #.
#.# #. #.# #. #.#
#. #.# ##S## #.#
##..<#######.#
#......@S....#
........#########
.....#.## .......
.....## ....#
##.# #.


You could see an adder.

Vanquished Creatures
  A dart slug (D:1)
  2 leopard geckos (D:1)
  An orc (D:3)
  2 giant cockroaches (D:1)
  3 hobgoblins (D:1)
  2 bats (D:1)
  3 goblins (D:1)
  3 kobolds (D:1)
  3 rats (D:1)
20 creatures vanquished.

Notes
Turn   | Place    | Note
-------+----------+-------------------------------------------
     0 | D:1      | 4thArraOfDagon the Felid Necromancer began the quest for the Orb.
     0 | D:1      | Reached XP level 1. HP: 7/7 MP: 4/4
    21 | D:1      | lets win
   382 | D:1      | Reached XP level 2. HP: 3/11 MP: 0/6
  1021 | D:3      | Slain by an adder

Vault maps used:
D:1:      dpeg_arrival_radiant, minmay_misc_feat_secret_circle
D:2:      first_ration
D:3:      okawaru_ov_weapons_minmay, nicolae_dithmenos_through_a_glass_darkly

Action                   || total
-------------------------++-------
Melee: Unarmed           ||     6
 Cast: Pain              ||    36
  Use: Scroll            ||     2
  Eat: Chunk             ||     7
Armor: Skin              ||     1
Dodge: Dodged            ||    11

Table legend:
 A = Spawn XP
 B = Non-spawn XP
 C = Spawn XP percentage of total XP
 D = Spawn monster count
 E = Non-spawn monster count
 F = Spawn count percentage of total count
 G = Total turns spent on level
                    A         B        C        D         E        F      G
               +---------+---------+-------+---------+---------+-------+---------
         Total |       0 |      36 |   0.0 |       0 |      20 |   0.0 |  1021
               +---------+---------+-------+---------+---------+-------+---------
           D:1 |       0 |      33 |   0.0 |       0 |      19 |   0.0 |   692
           D:3 |       0 |       3 |   0.0 |       0 |       1 |   0.0 |   321
               +---------+---------+-------+---------+---------+-------+---------
